BLB
NEW YORK CYCLONES @ CALIFORNIA KODIAKS
08/16/2059
 
TOP OF THE 1ST
New York Cyclones batting - Pitching for California Kodiaks : RHP Benedict Zacarias
Pitching: RHP Benedict Zacarias
Batting: LHB John McIntyre 0-0: Fly out, F7 (Flyball, 7D, EV 110.6 MPH)
Batting: RHB Fred Etheridge 0-0: Called Strike
0-1: Called Strike
0-2: Ball
1-2: Ball
2-2: Ground out 6-3 (Groundball, 6, EV 105.6 MPH)
Batting: RHB Jarrett Evans 0-0: Ball
1-0: Ball
2-0: Foul Ball, location: 2F
2-1: Ball
3-1: SINGLE (Groundball, 6S, EV 66.2 MPH) (infield hit)
Batting: LHB Jim Mjima 0-0: Called Strike
0-1: Ball
1-1: Ball
2-1: Ball
3-1: 2-RUN HOME RUN (Flyball, 9D, EV 97.5 MPH), Distance : 356 ft
Batting: LHB Jared Rosewall 0-0: Called Strike
0-1: SINGLE (Groundball, 6D, EV 98.8 MPH)
Batting: RHB Alexander Charter 0-0: Ball
1-0: Ball
2-0: Foul Ball, location: 2F
2-1: Foul Ball, location: 2F
2-2: Strikes out looking
Top of the 1st over - 2 runs, 3 hits, 0 errors, 1 left on base; New York 2 - California 0
BOTTOM OF THE 1ST
California Kodiaks batting - Pitching for New York Cyclones : LHP Alex Landrum
Pitching: LHP Alex Landrum
Batting: RHB Mitt Saginashvili 0-0: Called Strike
0-1: Ball
1-1: Foul Ball, location: 2F
1-2: Ball
2-2: Fly out, F6 (Line Drive, 6M, EV 74.4 MPH)
Batting: RHB Damon Squyres 0-0: Ball
1-0: Called Strike
1-1: Ball
2-1: Called Strike
2-2: Foul Ball, location: 2F
2-2: Ball
3-2: Base on Balls
Batting: RHB Stan Sikes 0-0: TRIPLE (Groundball, 5L, EV 107.5 MPH)
Damon Squyres scores
Batting: RHB Kelvin Young 0-0: Ball
1-0: Fly out, F9 (Flyball, 9S, EV 92.5 MPH)
Batting: RHB Hayden Cornett 0-0: Ball
1-0: Swinging Strike
1-1: Swinging Strike
1-2: Ball
2-2: Ball
3-2: Strikes out looking
Bottom of the 1st over - 1 run, 1 hit, 0 errors, 1 left on base; New York 2 - California 1
TOP OF THE 2ND
New York Cyclones batting - Pitching for California Kodiaks : RHP Benedict Zacarias
Batting: LHB Tariq Alston 0-0: DOUBLE (Flyball, 8RD, EV 105.6 MPH)
Batting: RHB Devon Richardson 0-0: Fly out, F9 (Line Drive, 9D, EV 84.4 MPH)
Runner from 2nd tags up, SAFE at 3rd, no throw by RF
Batting: RHB Kaniel Martinez 0-0: Ball
1-0: Swinging Strike
1-1: Foul Ball, location: 2F
1-2: Strikes out swinging
Batting: LHB John McIntyre 0-0: Fly out, F8 (Flyball, 89S, EV 90.6 MPH)
Top of the 2nd over - 0 runs, 1 hit, 0 errors, 1 left on base; New York 2 - California 1
BOTTOM OF THE 2ND
California Kodiaks batting - Pitching for New York Cyclones : LHP Alex Landrum
Batting: RHB Frank Memmi 0-0: Foul Ball, location: 2F
0-1: Swinging Strike
0-2: Strikes out swinging
Batting: RHB Dante Nunn 0-0: Called Strike
0-1: Foul Ball, location: 2F
0-2: Ball
1-2: Ball
2-2: Foul Ball, location: 2F
2-2: Strikes out looking
Batting: RHB Al Wagner 0-0: Ball
1-0: SINGLE (Line Drive, 3D, EV 95.6 MPH)
Batting: LHB Stephen Caskey 0-0: Called Strike
0-1: Swinging Strike
0-2: Ball
1-2: Foul Ball, location: 2F
1-2: Strikes out swinging
Bottom of the 2nd over - 0 runs, 1 hit, 0 errors, 1 left on base; New York 2 - California 1
TOP OF THE 3RD
New York Cyclones batting - Pitching for California Kodiaks : RHP Benedict Zacarias
Batting: RHB Fred Etheridge 0-0: Foul Ball, location: 2F
0-1: Ball
1-1: Ball
2-1: Foul Ball, location: 2F
2-2: Ball
3-2: Fly out, F9 (Flyball, 89M, EV 91.9 MPH)
Batting: RHB Jarrett Evans 0-0: Ball
1-0: Fly out, F9 (Line Drive, 89M, EV 95.6 MPH)
Batting: LHB Jim Mjima 0-0: Fly out, F8 (Flyball, 8LXD, EV 84.4 MPH)
Top of the 3rd over - 0 runs, 0 hits, 0 errors, 0 left on base; New York 2 - California 1
BOTTOM OF THE 3RD
California Kodiaks batting - Pitching for New York Cyclones : LHP Alex Landrum
Batting: RHB Mitt Saginashvili 0-0: Ball
1-0: Called Strike
1-1: TRIPLE (Flyball, 89XD, EV 88.1 MPH)
Batting: RHB Damon Squyres 0-0: Swinging Strike
0-1: Ball
1-1: Swinging Strike
1-2: Ball
2-2: Ball
3-2: Ground out 6-3 (Groundball, 15, EV 86.2 MPH)
Mitt Saginashvili scores
Batting: RHB Stan Sikes 0-0: Called Strike
0-1: Called Strike
0-2: Fly out, F7 (Line Drive, 7, EV 86.2 MPH)
Batting: RHB Kelvin Young 0-0: Foul Ball, location: 2F
0-1: Ball
1-1: Foul Ball, location: 2F
1-2: Ball
2-2: SINGLE (Groundball, 6MD, EV 98.8 MPH)
Batting: RHB Hayden Cornett 0-0: Called Strike
0-1: Ball
1-1: Foul Ball, location: 2F
1-2: Ball
2-2: Strikes out swinging, 2-3 out at first.
Bottom of the 3rd over - 1 run, 2 hits, 0 errors, 1 left on base; New York 2 - California 2
TOP OF THE 4TH
New York Cyclones batting - Pitching for California Kodiaks : RHP Benedict Zacarias
Batting: LHB Jared Rosewall 0-0: Foul Ball, location: 2F
0-1: Swinging Strike
0-2: Ball
1-2: Ball
2-2: Strikes out swinging
Batting: RHB Alexander Charter 0-0: Ground out 3-1 (Groundball, 34, EV 89.4 MPH)
Batting: LHB Tariq Alston 0-0: Ball
1-0: Fly out, F5 (Line Drive, 5L, EV 67.5 MPH)
Top of the 4th over - 0 runs, 0 hits, 0 errors, 0 left on base; New York 2 - California 2
BOTTOM OF THE 4TH
California Kodiaks batting - Pitching for New York Cyclones : LHP Alex Landrum
Batting: RHB Frank Memmi 0-0: Called Strike
0-1: Ball
1-1: Called Strike
1-2: Strikes out swinging
Batting: RHB Dante Nunn 0-0: Ball
1-0: Foul Ball, location: 2F
1-1: Foul Ball, location: 2F
1-2: Fly out, F9 (Flyball, 9LM, EV 94.4 MPH)
Batting: RHB Al Wagner 0-0: Foul Ball, location: 2F
0-1: Foul Ball, location: 2F
0-2: Ball
1-2: Ground out 5-3 (Groundball, 56, EV 102.5 MPH)
Bottom of the 4th over - 0 runs, 0 hits, 0 errors, 0 left on base; New York 2 - California 2
TOP OF THE 5TH
New York Cyclones batting - Pitching for California Kodiaks : RHP Benedict Zacarias
Batting: RHB Devon Richardson 0-0: Swinging Strike
0-1: SINGLE (Groundball, 34D, EV 97.5 MPH)
Batting: RHB Kaniel Martinez 0-0: Sac Bunt to 2L - play at first, batter OUT! 2-3
Devon Richardson to second
Batting: LHB John McIntyre 0-0: Ball
1-0: Swinging Strike
1-1: Ball
2-1: Swinging Strike
2-2: Ball
3-2: Foul Ball, location: 2F
3-2: Base on Balls
Batting: RHB Fred Etheridge 0-0: Ball
1-0: Ball
2-0: Ball
3-0: Base on Balls
Devon Richardson to third
John McIntyre to second
Batting: RHB Jarrett Evans 0-0: Called Strike
0-1: Foul Ball, location: 2F
0-2: Ball
1-2: Grounds into double play, 5-4-3 (Groundball, 56S, EV 91.2 MPH)
Top of the 5th over - 0 runs, 1 hit, 0 errors, 2 left on base; New York 2 - California 2
BOTTOM OF THE 5TH
California Kodiaks batting - Pitching for New York Cyclones : LHP Alex Landrum
Batting: LHB Stephen Caskey 0-0: Ball
1-0: Foul Ball, location: 2F
1-1: Ground out U3 (Groundball, 34, EV 104.4 MPH)
Batting: RHB Mitt Saginashvili 0-0: Called Strike
0-1: Foul Ball, location: 2F
0-2: Strikes out looking
Batting: RHB Damon Squyres 0-0: Ball
1-0: Ball
2-0: Swinging Strike
2-1: Ball
3-1: Swinging Strike
3-2: Foul Ball, location: 2F
3-2: Base on Balls
Batting: RHB Stan Sikes 0-0: Fielders Choice at 2nd, 5-4 (Groundball, 56, EV 80.0 MPH)
Bottom of the 5th over - 0 runs, 0 hits, 0 errors, 1 left on base; New York 2 - California 2
TOP OF THE 6TH
New York Cyclones batting - Pitching for California Kodiaks : RHP Benedict Zacarias
Batting: LHB Jim Mjima 0-0: Ball
1-0: Fly out, F8 (Flyball, 8LD, EV 82.5 MPH)
Batting: LHB Jared Rosewall 0-0: Fly out, F6 (Popup, P, EV 80.0 MPH)
Batting: RHB Alexander Charter 0-0: Swinging Strike
0-1: Foul Ball, location: 2F
0-2: Strikes out swinging
Top of the 6th over - 0 runs, 0 hits, 0 errors, 0 left on base; New York 2 - California 2
BOTTOM OF THE 6TH
California Kodiaks batting - Pitching for New York Cyclones : LHP Alex Landrum
Batting: RHB Kelvin Young 0-0: Ball
1-0: Ground out 2-3 (Groundball, 2L, EV 66.2 MPH)
Batting: RHB Hayden Cornett 0-0: Called Strike
0-1: Fly out, F3 (Line Drive, 3L, EV 70.0 MPH)
Batting: RHB Frank Memmi 0-0: Called Strike
0-1: Called Strike
0-2: Ball
1-2: Strikes out swinging
Bottom of the 6th over - 0 runs, 0 hits, 0 errors, 0 left on base; New York 2 - California 2
TOP OF THE 7TH
New York Cyclones batting - Pitching for California Kodiaks : RHP Benedict Zacarias
Batting: LHB Tariq Alston 0-0: Fly out, F8 (Flyball, 8RXD, EV 90.0 MPH)
Batting: RHB Devon Richardson 0-0: Called Strike
0-1: Ball
1-1: Swinging Strike
1-2: DOUBLE (Flyball, 89D, EV 105.6 MPH)
Batting: RHB Kaniel Martinez 0-0: Ball
Wild Pitch!
Devon Richardson to third
1-0: Foul Ball, location: 2F
1-1: Foul Ball, location: 2F
1-2: Foul Ball, location: 2F
1-2: Ball
2-2: Fly out, F9 (Line Drive, 9S, EV 93.8 MPH)
Batting: LHB John McIntyre 0-0: SINGLE (Groundball, 4D, EV 96.2 MPH)
Devon Richardson scores
Batting: RHB Fred Etheridge 0-0: Ball
1-0: Ball
John McIntyre is caught stealing 2nd base 2-4
Top of the 7th over - 1 run, 2 hits, 0 errors, 0 left on base; New York 3 - California 2
BOTTOM OF THE 7TH
California Kodiaks batting - Pitching for New York Cyclones : LHP Alex Landrum
Batting: RHB Dante Nunn 0-0: Ball
1-0: Called Strike
1-1: Ground out 6-3 (Groundball, 6, EV 98.8 MPH)
Batting: RHB Al Wagner 0-0: SINGLE (Line Drive, 8RS, EV 106.9 MPH)
Batting: LHB Stephen Caskey 0-0: Ball
1-0: DOUBLE (Line Drive, 7LM, EV 104.4 MPH)
Al Wagner to third
Pitching: LHP Richard Dobson
Batting: RHB Mitt Saginashvili 0-0: Called Strike
0-1: Ground out 6-3 (Groundball, 6, EV 81.2 MPH)
Al Wagner scores
Stephen Caskey to third
Batting: RHB Damon Squyres 0-0: Called Strike
0-1: Ball
1-1: Ball
2-1: Ball
3-1: Foul Ball, location: 2F
3-2: Base on Balls
Batting: RHB Stan Sikes 0-0: Ball
1-0: DOUBLE (Line Drive, 9LS, EV 94.4 MPH)
Stephen Caskey scores
Damon Squyres to third
Batting: RHB Kelvin Young 0-0: Ball
1-0: Called Strike
1-1: Called Strike
1-2: Ball
2-2: Ground out 1-3 (Groundball, 13S, EV 68.8 MPH)
Bottom of the 7th over - 2 runs, 3 hits, 0 errors, 2 left on base; New York 3 - California 4
TOP OF THE 8TH
New York Cyclones batting - Pitching for California Kodiaks : RHP Benedict Zacarias
Now at SS: Caron Wilson
Now in LF: Stephen Caskey
Now in CF: Mitt Saginashvili
Now in RF: Spencer Stephens
Batting: RHB Fred Etheridge 0-0: Called Strike
0-1: TRIPLE (Line Drive, 8LXD, EV 98.1 MPH)
Batting: RHB Jarrett Evans 0-0: Ball
1-0: Ball
2-0: Called Strike
2-1: Foul Ball, location: 2F
2-2: Ball
3-2: SINGLE (Line Drive, 7LS, EV 93.8 MPH)
Fred Etheridge scores
Pitching: LHP Payton Cooke
Batting: RHB Rob Detling 0-0: Foul Ball, location: 2F
0-1: Called Strike
0-2: Strikes out looking
Batting: LHB Jared Rosewall 0-0: Fly out, F8 (Flyball, 8LD, EV 94.4 MPH)
Batting: RHB Alexander Charter 0-0: Ball
1-0: Fly out, F7 (Flyball, 78M, EV 90.0 MPH)
Top of the 8th over - 1 run, 2 hits, 0 errors, 1 left on base; New York 4 - California 4
BOTTOM OF THE 8TH
California Kodiaks batting - Pitching for New York Cyclones : LHP Richard Dobson
Batting: RHB Spencer Stephens 0-0: Called Strike
0-1: Ball
1-1: Ball
2-1: Swinging Strike
2-2: Foul Ball, location: 2F
2-2: Strikes out swinging
Batting: RHB Frank Memmi 0-0: Called Strike
0-1: Ball
1-1: SINGLE (Line Drive, 34D, EV 101.2 MPH)
Batting: RHB Dante Nunn 0-0: Called Strike
0-1: Swinging Strike
0-2: Ball
1-2: Grounds into double play, 6-4-3 (Groundball, 6, EV 83.1 MPH)
Bottom of the 8th over - 0 runs, 1 hit, 0 errors, 0 left on base; New York 4 - California 4
TOP OF THE 9TH
New York Cyclones batting - Pitching for California Kodiaks : LHP Payton Cooke
Pinch Hitting: RHB Pat Duke 0-0: Ball
1-0: Foul Ball, location: 2F
1-1: TRIPLE (Line Drive, 78XD, EV 99.4 MPH)
Batting: RHB Devon Richardson 0-0: Called Strike
0-1: Ball
1-1: Ball
2-1: Ball
3-1: Called Strike
3-2: Foul Ball, location: 2F
3-2: Foul Ball, location: 2F
3-2: Strikes out swinging
Batting: RHB Kaniel Martinez 0-0: Ball
1-0: Called Strike
1-1: Foul Ball, location: 2F
1-2: Ball
2-2: Foul Ball, location: 2F
2-2: Foul Ball, location: 2F
2-2: Strikes out swinging
Batting: LHB John McIntyre 0-0: Called Strike
0-1: Ball
1-1: Ball
2-1: Foul Ball, location: 2F
2-2: Foul Ball, location: 2F
2-2: Ball
3-2: Foul Ball, location: 2F
3-2: Strikes out looking
Top of the 9th over - 0 runs, 1 hit, 0 errors, 1 left on base; New York 4 - California 4
BOTTOM OF THE 9TH
California Kodiaks batting - Pitching for New York Cyclones : LHP Richard Dobson
Now at 1B: Pat Duke
Now at 2B: Fred Etheridge
Batting: RHB Al Wagner 0-0: Ball
1-0: Foul Ball, location: 2F
1-1: Ball
2-1: Foul Ball, location: 2F
2-2: Strikes out looking
Batting: LHB Stephen Caskey 0-0: Called Strike
0-1: Called Strike
0-2: Ball
1-2: Ball
2-2: Foul Ball, location: 2F
2-2: Foul Ball, location: 2F
2-2: Ball
3-2: Strikes out looking
Batting: RHB Mitt Saginashvili 0-0: SINGLE (Flyball, 6MD, EV 88.8 MPH)
Batting: RHB Caron Wilson 0-0: Foul Ball, location: 2F
0-1: Called Strike
Mitt Saginashvili is caught stealing 2nd base 2-4
Bottom of the 9th over - 0 runs, 1 hit, 0 errors, 0 left on base; New York 4 - California 4
TOP OF THE 10TH
New York Cyclones batting - Pitching for California Kodiaks : LHP Payton Cooke
Pitching: RHP Dionte Claridy
Batting: RHB Fred Etheridge 0-0: Foul Ball, location: 2F
0-1: Ball
1-1: Called Strike
1-2: Ball
2-2: Ball
3-2: Ground out 5-3 (Groundball, 25, EV 88.1 MPH)
Batting: RHB Jarrett Evans 0-0: Ball
1-0: Hit by Pitch
Batting: RHB Rob Detling 0-0: Called Strike
0-1: Called Strike
0-2: Foul Ball, location: 2F
0-2: Strikes out swinging
Batting: LHB Jared Rosewall 0-0: Foul Ball, location: 2F
0-1: Swinging Strike
0-2: Ball
1-2: Foul Ball, location: 2F
1-2: SINGLE (Line Drive, 78S, EV 90.6 MPH)
Jarrett Evans to second
Runner from 2nd tries for 3rd, SAFE, no throw by LF
Batting: RHB Alexander Charter 0-0: Swinging Strike
0-1: Swinging Strike
0-2: Ball
1-2: Ball
2-2: Strikes out swinging
Top of the 10th over - 0 runs, 1 hit, 0 errors, 2 left on base; New York 4 - California 4
BOTTOM OF THE 10TH
California Kodiaks batting - Pitching for New York Cyclones : LHP Richard Dobson
Pitching: LHP Dawson Hupp
Batting: RHB Caron Wilson 0-0: Swinging Strike
0-1: Called Strike
0-2: Ball
1-2: Ball
2-2: Foul Ball, location: 2F
2-2: Strikes out swinging
Batting: RHB Stan Sikes 0-0: Called Strike
0-1: SINGLE (Groundball, 56D, EV 105.0 MPH)
Batting: RHB Kelvin Young 0-0: Foul Ball, location: 2F
0-1: Ball
1-1: Foul Ball, location: 2F
1-2: Ball
2-2: Strikes out swinging
Batting: RHB Spencer Stephens 0-0: Swinging Strike
0-1: Called Strike
0-2: Ball
1-2: Strikes out looking
Bottom of the 10th over - 0 runs, 1 hit, 0 errors, 1 left on base; New York 4 - California 4
TOP OF THE 11TH
New York Cyclones batting - Pitching for California Kodiaks : RHP Dionte Claridy
Pitching: LHP Aubrey Wheelwright
Batting: RHB Pat Duke 0-0: Ground out 4-3 (Groundball, 4, EV 106.2 MPH)
Batting: RHB Devon Richardson 0-0: Ball
1-0: Swinging Strike
1-1: Ball
2-1: Called Strike
2-2: Ball
3-2: Foul Ball, location: 2F
3-2: SINGLE (Flyball, 34D, EV 94.4 MPH)
Batting: RHB Kaniel Martinez 0-0: Ball
1-0: Called Strike
1-1: Ball
2-1: Ball
3-1: Foul Ball, location: 2F
3-2: Strikes out swinging
Pinch Hitting: RHB Nathaniel Vogel 0-0: Called Strike
0-1: Foul Ball, location: 2F
0-2: Strikes out swinging
Top of the 11th over - 0 runs, 1 hit, 0 errors, 1 left on base; New York 4 - California 4
BOTTOM OF THE 11TH
California Kodiaks batting - Pitching for New York Cyclones : LHP Dawson Hupp
Now in CF: Parker Capalbo
Now in RF: Alexander Charter
Batting: RHB Frank Memmi 0-0: Called Strike
0-1: Called Strike
0-2: Strikes out swinging
Batting: RHB Dante Nunn 0-0: Ground out 4-3 (Groundball, 4, EV 84.4 MPH)
Batting: RHB Al Wagner 0-0: Ball
1-0: Swinging Strike
1-1: Fly out, F8 (Flyball, 89D, EV 90.6 MPH)
Bottom of the 11th over - 0 runs, 0 hits, 0 errors, 0 left on base; New York 4 - California 4
TOP OF THE 12TH
New York Cyclones batting - Pitching for California Kodiaks : LHP Aubrey Wheelwright
Batting: RHB Fred Etheridge 0-0: Ball
1-0: Foul Ball, location: 2F
1-1: Ball
2-1: Ground out 5-3 (Groundball, 56S, EV 88.1 MPH)
Batting: RHB Jarrett Evans 0-0: Ball
1-0: Swinging Strike
1-1: Foul Ball, location: 2F
1-2: Ball
2-2: Ball
3-2: Fly out, F9 (Flyball, 9LSF, EV 91.9 MPH)
Batting: RHB Rob Detling 0-0: Ball
1-0: Fly out, F7 (Flyball, 7, EV 90.6 MPH)
Top of the 12th over - 0 runs, 0 hits, 0 errors, 0 left on base; New York 4 - California 4
BOTTOM OF THE 12TH
California Kodiaks batting - Pitching for New York Cyclones : LHP Dawson Hupp
Batting: LHB Stephen Caskey 0-0: Ball
1-0: Called Strike
1-1: Ball
2-1: Ball
3-1: Ground out 4-3 (Groundball, 4, EV 85.0 MPH)
Batting: RHB Mitt Saginashvili 0-0: Ball
1-0: Foul Ball, location: 2F
1-1: Swinging Strike
1-2: Ball
2-2: Strikes out swinging
Batting: RHB Caron Wilson 0-0: Ball
1-0: Ball
2-0: Foul Ball, location: 2F
2-1: Foul Ball, location: 2F
2-2: Strikes out swinging
Bottom of the 12th over - 0 runs, 0 hits, 0 errors, 0 left on base; New York 4 - California 4
TOP OF THE 13TH
New York Cyclones batting - Pitching for California Kodiaks : LHP Aubrey Wheelwright
Pitching: RHP Ian Park
Batting: LHB Jared Rosewall 0-0: Ball
1-0: Foul Ball, location: 2F
1-1: Ball
2-1: Ball
3-1: Fly out, F5 (Popup, 25F, EV 91.2 MPH)
Batting: RHB Alexander Charter 0-0: Ball
1-0: Fly out, F8 (Flyball, 8RM, EV 90.6 MPH)
Batting: RHB Pat Duke 0-0: Foul Ball, location: 2F
0-1: Called Strike
0-2: Foul Ball, location: 2F
0-2: Foul Ball, location: 2F
0-2: Foul Ball, location: 2F
0-2: Ball
1-2: Ground out U3 (Groundball, 3, EV 79.4 MPH)
Top of the 13th over - 0 runs, 0 hits, 0 errors, 0 left on base; New York 4 - California 4
BOTTOM OF THE 13TH
California Kodiaks batting - Pitching for New York Cyclones : LHP Dawson Hupp
Pitching: RHP Brian Collins
Batting: RHB Stan Sikes 0-0: Fly out, F9 (Flyball, 89S, EV 83.8 MPH)
Batting: RHB Kelvin Young 0-0: Ball
1-0: Foul Ball, location: 2F
1-1: Called Strike
1-2: Ball
2-2: Strikes out swinging
Batting: RHB Spencer Stephens 0-0: Foul Ball, location: 2F
0-1: Foul Ball, location: 2F
0-2: Ball
1-2: Ball
2-2: Fly out, F9 (Flyball, 89M, EV 75.6 MPH)
Bottom of the 13th over - 0 runs, 0 hits, 0 errors, 0 left on base; New York 4 - California 4
TOP OF THE 14TH
New York Cyclones batting - Pitching for California Kodiaks : RHP Ian Park
Pinch Hitting: LHB Melchior Werth 0-0: Ball
1-0: Fly out, F8 (Line Drive, 8LD, EV 91.2 MPH)
Batting: RHB Kaniel Martinez 0-0: Ball
1-0: Ground out 5-3 (Groundball, 56, EV 105.6 MPH)
Batting: RHB Parker Capalbo 0-0: Ball
1-0: Reached on error, E4 (Groundball, 4M, EV 94.4 MPH)
Pitching: RHP Addison Diehl
Batting: RHB Fred Etheridge 0-0: Ball
1-0: Ball
Parker Capalbo steals 2nd base (no throw)
2-0: Ball
3-0: Called Strike
3-1: Base on Balls
Batting: RHB Jarrett Evans 0-0: Ball
1-0: Foul Ball, location: 2F
1-1: Ball
2-1: Swinging Strike
2-2: Ball
3-2: Base on Balls
Parker Capalbo to third
Fred Etheridge to second
Batting: RHB Rob Detling 0-0: Called Strike
0-1: DOUBLE (Groundball, 5L, EV 103.8 MPH)
Parker Capalbo scores
Fred Etheridge scores
Jarrett Evans to third
Runner from 3rd tries for Home, SAFE, throw by LF to home
Batting: LHB Jared Rosewall 0-0: Foul Ball, location: 2F
0-1: Ball
1-1: Fly out, F9 (Line Drive, 89M, EV 96.2 MPH)
Top of the 14th over - 3 runs, 1 hit, 1 error, 1 left on base; New York 7 - California 4
BOTTOM OF THE 14TH
California Kodiaks batting - Pitching for New York Cyclones : RHP Brian Collins
Now at C: Evan Buhler
Batting: RHB Frank Memmi 0-0: Foul Ball, location: 2F
0-1: Swinging Strike
0-2: Ball
1-2: Ball
2-2: Foul Ball, location: 2F
2-2: Foul Ball, location: 2F
2-2: Strikes out swinging
Pinch Hitting: LHB Joey Robertson 0-0: Called Strike
0-1: Ball
1-1: Ball
2-1: Foul Ball, location: 2F
2-2: Foul Ball, location: 2F
2-2: Ball
3-2: Strikes out swinging, 2-3 out at first.
Batting: RHB Al Wagner 0-0: Ball
1-0: Foul Ball, location: 2F
1-1: Ball
2-1: Foul Ball, location: 2F
2-2: Ball
3-2: Foul Ball, location: 2F
3-2: Fly out, F8 (Flyball, 8LXD, EV 105.0 MPH)
Bottom of the 14th over - 0 runs, 0 hits, 0 errors, 0 left on base; New York 7 - California 4
Saturday, March 23rd , 2024 - OOTP Baseball 23.10 Build 110